 Dungeon Crawl Stone Soup version 0.19-a0-503-g45a6586 (webtiles) character file.

25 wvc the Sneak (level 3, -10/20 HPs)
             Began as a Vine Stalker Wanderer on June 5, 2016.
             Mangled by a goblin
             ... wielding a +2 dagger of electrocution
              (12 damage)
             ... on level 2 of the Dungeon.
             The game lasted 00:02:50 (911 turns).

wvc the Sneak (Vine Stalker Wanderer)                Turns: 911, Time: 00:02:51

Health: -10/20     AC:  3    Str: 16    XL:     3   Next: 6%
Magic:  0/4        EV: 12    Int: 11    God:
Gold:   73         SH:  0    Dex: 13    Spells: 0 memorised, 2 levels left

rFire  . . .     SeeInvis .     k - +2 dagger (venom)
rCold  . . .     Gourm    .     q - +0 robe (curse)
rNeg   . . .     Faith    .     (no shield)
rPois  .         Spirit   +     (no helmet)
rElec  .         Dismiss  .     o - +0 cloak
rCorr  .         Reflect  .     (no gloves)
SustAt .         Harm     .     (no boots)
MR     .....                    (no amulet)
Stlth  ++........               (no ring)
                                (no ring)

@: not resistant to hostile enchantments, unstealthy
A: fangs 2, regeneration 1, evolution 1, magic shield, antimagic bite, no device
heal 3, rot immunity
a: no special abilities


You were on level 2 of the Dungeon.
You were not hungry.

You visited 1 branch of the dungeon, and saw 2 of its levels.

You collected 73 gold pieces.

Inventory:

Hand Weapons
 k - a +2 dagger of venom (weapon)
Missiles
 e - 15 poisoned needles
Armour
 g - a +0 ring mail
 o - a +0 cloak (worn)
 q - a cursed +0 robe (worn)
Potions
 a - 2 potions of curing {unknown}
 b - 3 potions of berserk rage
 c - a potion of lignification
 m - a potion of mutation {unknown}
 n - 2 potions of might
 p - a potion of brilliance {unknown}
Comestibles
 d - 3 chunks of flesh
 f - 3 bread rations


   Skills:
 - Level 3.6 Fighting
 * Level 2.3 Short Blades
 + Level 0.1 Armour
 + Level 1.2 Dodging
 - Level 3.6 Stealth
   Level 1.0 Evocations


You had 2 spell levels left.
You didn't know any spells.

Dungeon Overview and Level Annotations

Branches:
Dungeon (2/15)

Altars:


Innate Abilities, Weirdness & Mutations

You have extremely sharp teeth.
Your natural rate of healing is unusually fast.
When hurt, damage is shared between your health and your magic reserves.
Your bite disrupts and absorbs the magic of your enemies.
Potions and wands cannot restore your health.
You are immune to rotting.
You evolve.


Message History

You closely miss the goblin. Your bite misses the goblin.
The goblin hits you but does no damage.
You are electrocuted!
Ouch! That really hurt!
A bat comes into view.
You closely miss the goblin. Your bite misses the goblin.
The goblin hits you with a dagger of electrocution.
* * * LOW HITPOINT WARNING * * *
You barely miss the goblin. Your bite misses the goblin.
The bat closely misses you. The goblin hits you but does no damage.
The bat hits you.
* * * LOW HITPOINT WARNING * * *
You hit the goblin but do no damage.
The goblin is poisoned.
You bite the goblin. You drain its power.
You feel invigorated.
The goblin is moderately wounded.
The bat closely misses you.
The goblin hits you with a dagger of electrocution.
* * * LOW HITPOINT WARNING * * *
You are electrocuted!
Ouch! That really hurt!
You die...

#.#.#(... #.#[#.... #
#.#.###.# #.
#.######.#.###.# ###.##
#.......#......#
.....#######.###...###
####.#........## ##...[#
..........####.###....†.
###..b@#.# ##.#......#
.....g#g......##...#....
####....#..##.###.......
...#..#### ########
...g...# ## #=..>#
#.##.. #. #.#


You could see 2 goblins and a bat.

Vanquished Creatures
  3 bats (D:1)
  3 goblins
  4 hobgoblins
  4 jackals (D:1)
  A giant newt (D:2)
  3 kobolds
  5 rats
23 creatures vanquished.

Notes
Turn   | Place    | Note
--------------------------------------------------------------
     0 | D:1      | wvc the Vine Stalker Wanderer began the quest for the Orb.
     0 | D:1      | wvc set off with: a +2 dagger, a potion of berserk rage, a potion of lignification, a +0 short sword, a +0 robe, a bread ration
     0 | D:1      | Reached XP level 1. HP: 12/12 MP: 2/2
   234 | D:1      | Reached XP level 2. HP: 16/16 MP: 3/3
   647 | D:1      | Gained mutation: You evolve. [potion of beneficial mutation]
   849 | D:2      | Reached XP level 3. HP: 17/20 MP: 2/4
   911 | D:2      | Mangled by a goblin

Vault maps used:
D:1:      dpeg_arrival_fog
D:2:      roderic_roman_lattice

Skill      XL: |  1  2 |
---------------+-------+-----
Short Blades   | 2 |  2.3
Fighting       | |  3.6
Armour         | |  0.1
Dodging        | |  1.2
Stealth        | |  3.6
Evocations     | |  1.0

Action                   || total
-------------------------++-------
Melee: Dagger            ||    51
       Bite              ||    13
  Use: Scroll            ||     6
       Potion            ||     1
 Stab: Sleeping          ||     1
Armor: Ring mail         ||    14
       Robe              ||     4
Dodge: Dodged            ||    19
